 Dungeon Crawl Stone Soup version 0.28-b1-25-g9875b3fc8c (webtiles) character file.

Game seed: 9326749575124511573

49 omerta the Ruffian (level 3, 0/29 HPs)
             Began as a Draconian Transmuter on Feb 3, 2022.
             Was a Follower of Okawaru.
             Slain by Crazy Yiuf (5 damage)
             ... on level 2 of the Dungeon.
             The game lasted 00:06:31 (2129 turns).

omerta the Ruffian (Draconian Transmuter)           Turns: 2129, Time: 00:06:31

Health: 0/29       AC: 11    Str: 12    XL:     3   Next: 53%
Magic:  4/6        EV: 12    Int: 15    God:    Okawaru [*.....]
Gold:   43         SH:  0    Dex: 11    Spells: 5/6 levels left

rFire   + . .      SeeInvis +   j - +2 dagger (speed)
rCold   x . .      Faith    .   (no shield)
rNeg    . . .      Spirit   .   (armour unavailable)
rPois   .          Reflect  .   (helmet restricted)
rElec   .          Harm     .   k - +1 cloak {rCorr}
rCorr   +          Rampage  .   p - +2 pair of gloves
Will    .....                   n - +0 pair of boots
Stlth   +.........              (no amulet)
HPRegen 0.09/turn               e - ring of fire
MPRegen 0.10/turn               f - ring of see invisible

@: lethally poisoned (0 -> -4)
A: AC +5, unfitting armour, cold-blooded
a: Renounce Religion, Heroism


You were on level 2 of the Dungeon.
You worshipped Okawaru.
Okawaru was aware of your devotion.
You visited 1 branch of the dungeon, and saw 2 of its levels.

You collected 43 gold pieces.

Inventory:

Hand Weapons
 j - a +2 dagger of speed (weapon)
Missiles
 h - 4 poisoned darts
 q - 3 javelins
Armour
 b - a +0 ring mail
 c - a +0 helmet
 k - a +1 cloak of preservation (worn)
 n - a +0 pair of boots (worn)
 p - a +2 pair of gloves (worn)
Jewellery
 e - a ring of fire (left hand)
 f - a ring of see invisible (right hand)
Wands
 l - a wand of flame (18)
Scrolls
 d - a scroll of teleportation
Potions
 g - 2 potions of degeneration {unknown}
 i - a potion of curing {unknown}
 m - a potion of heal wounds {unknown}
 o - 4 potions of lignification {unknown}


   Skills:
 + Level 2.0 Fighting
 + Level 2.2 Dodging
 + Level 3.3 Unarmed Combat
 + Level 2.3 Spellcasting
 + Level 2.4 Transmutations


You had 5 spell levels left.
You knew the following spells:

 Your Spells              Type           Power      Damage    Failure   Level
a - Beastly Appendage     Tmut           18%        N/A       8%          1

Your spell library contained the following spells:

 Spells                   Type           Power      Damage    Failure   Level
 Wereblood                Tmut           9%         N/A       12%         2
 Sublimation of Blood     Necr           1%         N/A       32%         2
 Spider Form              Tmut/Pois      5%         N/A       36%         3
 Ice Form                 Ice/Tmut       5%         N/A       77%         4
 Petrify                  Tmut/Erth      5%         N/A       77%         4
 Irradiate                Conj/Tmut      2%         3d14      98%         5


Dungeon Overview and Level Annotations

Branches:
Dungeon (2/15)

Altars:
Okawaru

Annotations:
D:2 Crazy Yiuf


Innate Abilities, Weirdness & Mutations

Your plain brown scales are hard. (AC +5)
You cannot fit into any form of body armour.
You are cold-blooded and may be slowed by cold attacks.


Message History

You hit Crazy Yiuf.
Crazy Yiuf is lightly wounded.
Crazy Yiuf hits you with a +2 quarterstaff of chaos.
You are too injured to fight recklessly!
You are too injured to fight recklessly!
You are too injured to fight recklessly!
You are too injured to fight recklessly!
You hit Crazy Yiuf.
Crazy Yiuf is moderately wounded.
You hit Crazy Yiuf.
Crazy Yiuf is heavily wounded.
Crazy Yiuf hits you with a +2 quarterstaff of chaos.
* * * LOW HITPOINT WARNING * * *
Crazy Yiuf freezes you.
* * * LOW HITPOINT WARNING * * *
You hit Crazy Yiuf but do no damage.
Crazy Yiuf is heavily wounded.
Crazy Yiuf closely misses you.
You hit Crazy Yiuf.
Your tail-slap misses Crazy Yiuf.
Crazy Yiuf is severely wounded.
You completely miss Crazy Yiuf.
You tail-slap Crazy Yiuf, but do no damage.
Crazy Yiuf is severely wounded.
Crazy Yiuf closely misses you.
You hit Crazy Yiuf. You punch Crazy Yiuf, but do no damage.
Crazy Yiuf is almost dead.
Crazy Yiuf hits you but does no damage.
You are poisoned.
You hit Crazy Yiuf.
Crazy Yiuf is almost dead.
You hit Crazy Yiuf but do no damage.
Crazy Yiuf is almost dead.
* * * LOW HITPOINT WARNING * * *
You feel sick.
You barely miss Crazy Yiuf.
Crazy Yiuf is almost dead.
* * * LOW HITPOINT WARNING * * *
You feel sick.
Crazy Yiuf hits you with a +2 quarterstaff of chaos.
You die...

##♣♣♣♣♣ # ###...♣.♣♣♣ ###
######### ##
##......♣..♣#...# #.......#
.#####......♣♣♣♣@g...#
#######.# ........#..♣♣
♣♣#..)# #####...#
.#########♣♣ ### #.....#.#
#######.# #####...#
........# ##..# #######.##
################ #..# #..#
#..............###..##
#..###..##.###.............
#.......##.###..###.#...##.


You could see Crazy Yiuf.

Vanquished Creatures
  A worm (D:2)
  4 endoplasms
  A giant cockroach (D:1)
  2 goblins (D:1)
  3 hobgoblins (D:2)
  2 kobolds (D:2)
  8 quokkas
  5 ball pythons
  9 bats
  A frilled lizard (D:1)
  3 rats (D:1)
39 creatures vanquished.

Notes
Turn   | Place    | Note
-------+----------+-------------------------------------------
     0 | D:1      | omerta the Draconian Transmuter began the quest for the
                  | Orb.
     0 | D:1      | Reached XP level 1. HP: 16/16 MP: 3/3
   297 | D:1      | Reached XP level 2. HP: 23/23 MP: 5/5
  1419 | D:2      | Reached XP level 3. HP: 23/29 MP: 6/6
  1545 | D:2      | Found a faded altar of an unknown god.
  1553 | D:2      | Prayed at the altar of an unknown god.
  1553 | D:2      | Became a worshipper of Warmaster Okawaru
  1553 | D:2      | Reached * piety under Okawaru
  1779 | D:2      | Found a runed translucent door.
  1780 | D:2      | Noticed Crazy Yiuf
  2129 | D:2      | Slain by Crazy Yiuf

Illustrated notes

Levels and vault maps discovered:
D:1:      elethiomel_arrival_maze, layout_basic, serial_curves, eino_curves_03,
          eino_curves_03, hangedman_decor_push
D:2:      layout_loops_ring, hellmonk_ecumenical_altar_arch_garden,
          uniq_crazy_yiuf_cottage

Skill      XL: |  1  2  3 |
---------------+----------+-----
Dodging        | 2 |  2.2
Fighting       | 2 |  2.0
Unarmed Combat | |  3.3
Spellcasting   | |  2.3
Transmutations | |  2.4

Action                   || total
-------------------------++-------
Melee: Unarmed           ||    59
       Tailslap          ||    13
       Kick              ||     2
       Dagger            ||    83
       Punch             ||     3
       Headbutt          ||     1
 Cast: Beastly Appendage ||     4
  Use: Scroll            ||     1
Armor: Skin              ||    66
Dodge: Dodged            ||   126
